 Dungeon Crawl Stone Soup version 0.24.0-123-gd5b16e6ec5 (webtiles) character file.

Game seed: 398941456803119402, levelgen mode: deterministic

6230 vurker the Zephyrmancer (level 10, -4/60 HPs)
             Began as a Tengu Air Elementalist on Dec 17, 2019.
             Was a Priest of Vehumet.
             Slain by a troll (6 damage)
             ... while petrified by a basilisk
             ... on level 9 of the Dungeon.
             The game lasted 00:25:01 (9464 turns).

vurker the Zephyrmancer (Tengu Air Elementalist)    Turns: 9464, Time: 00:25:02

Health: -4/60      AC:  7    Str:  9    XL:     10   Next: 92%
Magic:  17/32      EV:  2    Int: 21    God:    Vehumet [***...]
Gold:   356        SH:  0    Dex: 14    Spells: 15/25 levels left

rFire    . . .     SeeInvis .   v - +2 hand axe of Ancient Evil {chop, Int+2}
rCold    . . .     Gourm    .   (no shield)
rNeg     + + +     Faith    .   a - +0 robe
rPois    ∞         Spirit   .   (helmet restricted)
rElec    .         Reflect  .   z - +0 cloak
rCorr    .         Harm     .   C - +0 pair of gloves
MR       .....                  (boots unavailable)
Stlth    ++........             l - amulet of regeneration
HPRegen  0.60/turn              b - +3 ring of protection
MPRegen  0.23/turn              i - ring of magical power

@: petrified, flying quickly and evasively, quick
A: beak, talons 3, able to fly
a: Stop Flying, Renounce Religion


You were on level 9 of the Dungeon.
You worshipped Vehumet.
Vehumet was most pleased with you.
You were not hungry.

You visited 2 branches of the dungeon, and saw 10 of its levels.
You also visited: Bailey.

You collected 356 gold pieces.

Inventory:

Hand Weapons
 d - a +0 dagger
   (You took it off a goblin on level 1 of the Dungeon)
 v - the +2 hand axe of Ancient Evil (weapon) {chop, Int+2}
   (You found it on level 7 of the Dungeon)

   It inflicts extra damage upon your enemies.
   It affects your intelligence (+2).
Armour
 a - a +0 robe (worn)
 z - a +0 cloak (worn)
   (You found it on level 7 of the Dungeon)
 C - a +0 pair of gloves (worn)
   (You found it on level 8 of the Dungeon)
Jewellery
 b - a +3 ring of protection (left hand)
   (You found it on level 1 of the Dungeon)
 i - a ring of magical power (right hand)
   (You found it on level 1 of the Dungeon)
 l - an amulet of regeneration (around neck)
   (You took it off a wight on level 3 of the Dungeon)
 n - an uncursed ring of positive energy
   (You found it on level 2 of the Dungeon)
 s - an uncursed ring of poison resistance
   (You found it on level 5 of the Dungeon)
 D - an uncursed ring of wizardry
   (You found it on level 8 of the Dungeon)
Scrolls
 c - 3 scrolls of amnesia {unknown}
 g - 3 scrolls of remove curse
 o - a scroll of random uselessness {unknown}
 p - a scroll of immolation {unknown}
 q - 4 scrolls of teleportation
 t - 2 scrolls of enchant armour {unknown}
 u - 2 scrolls of magic mapping {unknown}
 x - a scroll of enchant weapon {unknown}
 y - 2 scrolls of noise {unknown}
 A - a scroll of blinking {unknown}
Potions
 f - a potion of lignification
 h - a potion of heal wounds
 j - a potion of invisibility
 k - a potion of mutation {unknown}
 m - 4 potions of curing
 w - a potion of brilliance
 B - a potion of cancellation {unknown}
Miscellaneous
 r - a box of beasts
Comestibles
 e - 13 rations
 E - 6 chunks of flesh


   Skills:
 + Level 6.0 Fighting
 - Level 2.1 Dodging
 - Level 2.0 Stealth
 * Level 8.1 Spellcasting
 * Level 11.2 Conjurations
 * Level 11.7 Air Magic


You had 15 spell levels left.
You knew the following spells:

 Your Spells              Type           Power        Failure   Level  Hunger
a - Shock                 Conj/Air       ####         1%          1    None
b - Lightning Bolt        Conj/Air       ######....   1%          5    #####..
c - Airstrike             Air            ######....   1%          4    ###....

Your spell library contained the following spells:

 Spells                   Type           Power        Failure   Level  Hunger
 Ignite Poison            Fire/Tmut/Pois #.......     7%          3    None
 Swiftness                Chrm/Air       ####....     1%          2    None
 Static Discharge         Conj/Air       ######..     1%          3    None


Dungeon Overview and Level Annotations

Branches:
Dungeon (9/15)             Temple (1/1) D:6            Lair (0/6) D:9
 Bailey (visited)
    Orc: D:9-12

Altars:
Ashenzari
Cheibriados
Elyvilon
Fedhas
Gozag
Hepliaklqana
Makhleb
Nemelex Xobeh
Qazlal
Ru
Sif Muna
Trog
Uskayaw
Vehumet
Wu Jian
Xom
Yredelemnul
The Shining One

Annotations:
D:6 3 runed translucent doors, FessEmpty's ghost, amateur DsWn; theswoord's ghost, novice DEGl


Innate Abilities, Weirdness & Mutations

You have a beak for a mouth.
You have claws for feet.
You can fly continuously.


Message History

The zap hits the adder skeleton.
Aim: an adder skeleton (moderately damaged)
The zap hits the adder skeleton.
Aim: an adder skeleton (severely damaged)
The zap hits the adder skeleton!
You destroy the adder skeleton!
Vehumet accepts your kill.
The troll shouts!
A basilisk comes into view.
The zap hits the plant.
The zap misses the troll.
The zap hits the troll.
The zap hits the plant but does no damage.
The zap misses the troll.
Some of the chunks of flesh in your inventory have rotted away.
The basilisk gazes at you.
You are slowing down.
Your limbs are stiffening.
The troll bites you! The troll claws you. The troll claws you!
You have turned to stone.
The troll bites you! The troll claws you! The troll claws you.
The troll bites you but does no damage. The troll claws you!
The troll claws you. The troll bites you.
* * * LOW HITPOINT WARNING * * *
The troll claws you!
* * * LOW HITPOINT WARNING * * *
The troll claws you.
* * * LOW HITPOINT WARNING * * *
The troll bites you!
* * * LOW HITPOINT WARNING * * *
The troll claws you.
* * * LOW HITPOINT WARNING * * *
The troll claws you.
* * * LOW HITPOINT WARNING * * *
The troll bites you but does no damage. The troll claws you.
* * * LOW HITPOINT WARNING * * *
The troll claws you but does no damage. The basilisk gazes at you.
The troll bites you.
* * * LOW HITPOINT WARNING * * *
The troll claws you but does no damage. The troll claws you.
* * * LOW HITPOINT WARNING * * *
The basilisk bites you but does no damage.
The troll bites you!
* * * LOW HITPOINT WARNING * * *
The troll claws you but does no damage. The troll claws you.
* * * LOW HITPOINT WARNING * * *
The basilisk bites you!
* * * LOW HITPOINT WARNING * * *
The troll bites you!
You die...

#..................#... #....
#..................#... ##.....
#..................#...##.......
#....###....###...###..#........
#....##########'#######..P......
#............................>..
#...............................
#............)...l.....#........
#.........<)..).@T.....##.......
#.................)....####.....
#............##...##.....# ...?.
#............##...##....## .#..
#######......##...##....###+#####
......#......##..........#.......
......#..................#.......
......#.............>....'.......
......'...........##....##.......


You could see a troll and a basilisk.

Vanquished Creatures
  Pikel (D:5)
  Prince Ribbit (D:6)
  2 hippogriffs
  Eustachio (D:5)
  Sigmund (D:5)
  A yak (D:9)
  A vampire (D:9)
  A hungry ghost (D:7)
  Menkaure (D:6)
  A water moccasin (D:9)
  4 sky beasts
  7 orc warriors
  2 ice beasts
  2 phantoms
  5 ogres
  3 centaurs
  A crocodile (D:9)
  3 bullfrogs
  A gnoll sergeant (D:7)
  2 scorpions (D:4)
  7 wights
  10 killer bees
  2 howler monkeys (D:8)
  A quasit (D:7)
  A jelly (D:7)
  A centaur zombie (D:7)
  3 bullfrog skeletons
  6 orc priests
  3 orc wizards
  2 iguanas
  Ijyb (D:4)
  7 worker ants
  A killer bee zombie (D:7)
  2 worker ant zombies (D:9)
  8 gnolls (D:7)
  13 adders
  A shadow imp (D:8)
  An ooze (D:2)
  An adder skeleton (D:9)
  5 worms
  4 dart slugs
  5 leopard geckos
  22 orcs
  A giant cockroach (D:7)
  8 goblins
  14 hobgoblins
  4 jackals
  2 quokkas
  2 ball pythons (D:4)
  6 bats
  2 frilled lizards
  A giant cockroach zombie (D:4)
  25 kobolds
  A quokka skeleton (D:4)
  7 rats
221 creatures vanquished.

Notes
Turn   | Place    | Note
-------+----------+-------------------------------------------
     0 | D:1      | vurker the Tengu Air Elementalist began the quest for the
                  | Orb.
     0 | D:1      | Reached XP level 1. HP: 10/10 MP: 4/4
   136 | D:1      | Reached XP level 2. HP: 12/15 MP: 3/6
  1057 | D:2      | Reached XP level 3. HP: 20/20 MP: 7/7
  1188 | D:2      | Reached skill level 1 in Fighting
  1476 | D:2      | Reached XP level 4. HP: 25/25 MP: 8/8
  1706 | D:2      | Reached skill level 5 in Air Magic
  2023 | D:3      | Gained mutation: You can fly continuously. [Tengu growth]
  2023 | D:3      | Reached XP level 5. HP: 29/29 MP: 10/10
  2200 | D:3      | Found an ornate altar of the Wu Jian Council.
  2376 | D:4      | Learned a level 5 spell: Lightning Bolt
  2472 | D:4      | Noticed an ogre
  2669 | D:3      | Reached XP level 6. HP: 21/35 MP: 11/11
  2875 | D:4      | Learned a level 4 spell: Airstrike
  2905 | D:4      | Noticed Ijyb
  2917 | D:4      | Killed Ijyb
  3157 | D:4      | Reached skill level 5 in Conjurations
  3216 | D:4      | Reached XP level 7. HP: 40/40 MP: 13/13
  3690 | D:5      | Entered Level 5 of the Dungeon
  3715 | D:5      | Noticed Sigmund
  3719 | D:5      | Killed Sigmund
  3719 | D:5      | Reached XP level 8. HP: 46/46 MP: 7/15
  3914 | D:5      | Noticed Pikel
  3920 | D:5      | Killed Pikel
  3920 | D:5      | Reached skill level 5 in Spellcasting
  3942 | D:5      | Noticed Eustachio
  4474 | D:5      | Killed Eustachio
  4548 | D:6      | Found a staircase to the Ecumenical Temple.
  4556 | D:6      | Reached XP level 9. HP: 52/52 MP: 9/18
  4807 | Temple   | Entered the Ecumenical Temple
  4947 | Temple   | Became a worshipper of Vehumet
  5174 | D:6      | Noticed Prince Ribbit
  5179 | D:6      | Killed Prince Ribbit
  5190 | D:6      | Found an opulent altar of Gozag.
  5645 | D:6      | Found a runed translucent gate.
  5646 | D:6      | Found a runed translucent gate.
  5647 | D:6      | Found a runed translucent gate.
  5648 | D:6      | Noticed theswoord's ghost (novice DEGl)
  5649 | D:6      | Noticed FessEmpty's ghost (amateur DsWn)
  5703 | D:6      | Noticed Menkaure
  5705 | D:6      | Killed Menkaure
  6113 | D:7      | Reached skill level 10 in Air Magic
  6340 | D:7      | Reached skill level 5 in Fighting
  6340 | D:7      | Reached XP level 10. HP: 59/59 MP: 5/21
  6360 | D:7      | Found a flagged portal.
  6366 | D:7      | Got a jewelled hand axe
  6369 | Bailey   | Entered a bailey
  6457 | Bailey   | Identified the +2 hand axe of Ancient Evil {chop, Int+2}
                  | (You found it on level 7 of the Dungeon)
  6475 | Bailey   | Reached * piety under Vehumet
  6475 | Bailey   | Offered knowledge of Sting by Vehumet.
  6812 | Bailey   | Reached skill level 10 in Conjurations
  7472 | D:7      | Reached ** piety under Vehumet
  7639 | D:7      | Offered knowledge of Throw Frost by Vehumet.
  8307 | D:8      | Offered knowledge of Ignite Poison by Vehumet.
  9088 | D:9      | Reached *** piety under Vehumet
  9438 | D:9      | Found a staircase to the Lair.
  9464 | D:9      | HP: 2/60 [basilisk (4)]
  9464 | D:9      | Slain by a troll

Levels and vault maps discovered:
D:1:      dpeg_arrival_refuge, layout_loops_corners, minivault_23,
          chequers_serial_rivers_marsh
D:2:      layout_basic
D:3:      layout_basic, lemuel_round_altar
D:4:      layout_loops_cross, uniq_ijyb
D:5:      layout_gridville, first_ration, uniq_sigmund, uniq_pikel,
          uniq_eustachio
D:6:      layout_loops_ring, minmay_temple_entry_water_ring,
          gammafunk_ghost_cemetery, basic_altar, uniq_prince_ribbit1,
          uniq_menkaure
D:7:      layout_basic, enter_bailey_2, hangedman_decor_diamond_cutter
D:8:      layout_loops_ring
D:9:      layout_gridville, david_lair_generic, ebering_ghost_inner_flame
Temple:   roderic_octagonal_lattice_temple

Skill      XL: |  1  2  3  4  5  6  7  8  9 10 |
---------------+-------------------------------+-----
Conjurations   | 2 3 4 5 6 7 9 11 | 11.2
Fighting       | 1 2 3 5 6 |  6.0
Air Magic      | 5 6 7 8 10 11 | 11.7
Spellcasting   | 3 4 5 6 8 |  8.1
Dodging        | |  2.1
Stealth        | |  2.0

Action                   |  1- 3 |  4- 6 |  7- 9 | 10-12 || total
-------------------------+-------+-------+-------+-------++-------
Melee: Short sword       |     1 |       |       |       ||     1
       Dagger            |       |       |     1 |       ||     1
       Hand axe          |       |       |       |    16 ||    16
       Kick              |       |       |       |     4 ||     4
 Cast: Shock             |    85 |   139 |    89 |   157 ||   470
       Airstrike         |       |       |    59 |    89 ||   148
       Lightning Bolt    |       |       |       |     1 ||     1
 Abil: Fly               |       |     1 |       |       ||     1
  Use: Scroll            |       |     5 |     3 |     4 ||    12
  Eat: Chunk             |     3 |     5 |    18 |    11 ||    37
       Ration            |       |       |       |     2 ||     2
Armor: Robe              |     4 |     5 |    20 |    15 ||    44
Dodge: Dodged            |    14 |    25 |    33 |    69 ||   141
